 Dungeon Crawl Stone Soup version 0.19-a0-1035-gdbfb0c6 (webtiles) character file.

9871 HAL9000 the Slicer (level 11, -18/62 HPs)
             Began as a Vine Stalker Assassin on July 29, 2016.
             Was a Follower of Uskayaw.
             Demolished by a white ugly thing (19 damage)
             ... on level 11 of the Dungeon.
             The game lasted 00:37:40 (9237 turns).

HAL9000 the Slicer (Vine Stalker Assassin)          Turns: 9237, Time: 00:37:40

Health: -18/62     AC: 15    Str: 19    XL:     11   Next: 53%
Magic:  0/16       EV: 17    Int: 12    God:    Uskayaw [*.....]
Gold:   618        SH:  0    Dex: 22    Spells: 0 memorised, 10 levels left

rFire  . . .     SeeInvis .     S - +2 dagger (elec)
rCold  . . .     Gourm    .     z - +3 leather armour "Tiudek" {*Corrode Dex+4 Stlth+}
rNeg   . . .     Faith    .     (no shield)
rPois  .         Spirit   +     (no helmet)
rElec  .         Dismiss  .     P - +2 cloak {MR+}
rCorr  .         Reflect  .     o - +0 pair of gloves
SustAt .         Harm     .     j - +0 pair of boots
MR     ++...                    (no amulet)
Stlth  +++++.....               I - +4 ring of protection
                                s - +5 ring of strength

@: very resistant to hostile enchantments, quite stealthy
A: fangs 3, repulsion field 1, regeneration 2, magic shield, antimagic bite, no
device heal 3, rot immunity
a: Stomp, Renounce Religion


You were on level 11 of the Dungeon.
You worshipped Uskayaw.
Uskayaw was noncommittal.
You were very hungry.

You visited 1 branch of the dungeon, and saw 11 of its levels.

You collected 618 gold pieces.

Inventory:

Hand Weapons
 b - a +0 blowgun
 S - a +2 dagger of electrocution (weapon)
Missiles
 f - 2 curare-tipped needles
 w - 5 needles of sleeping
 T - 10 javelins (quivered)
Armour
 j - a +0 pair of boots (worn)
 o - a +0 pair of gloves (worn)
 z - the +3 leather armour "Tiudek" (worn) {*Corrode Dex+4 Stlth+}
   (You found it on level 7 of the Dungeon)

   It affects your dexterity (+4).
   It may corrode you when you take damage.
   It makes you more stealthy.
 P - a +2 cloak of magic resistance (worn)
Jewellery
 m - an uncursed ring of wizardry
 s - a +5 ring of strength (left hand)
 I - a +4 ring of protection (right hand)
 O - an uncursed ring of flight
Wands
 a - a wand of confusion (31/48)
 e - a wand of heal wounds (4/9)
 B - a wand of acid (5/15)
 V - a wand of teleportation (6/9)
 X - a wand of lightning (9/15)
Scrolls
 l - a scroll of recharging {unknown}
 n - 3 scrolls of enchant weapon
 q - 3 scrolls of teleportation
 v - 3 scrolls of fog
 C - 2 scrolls of remove curse
 D - 2 scrolls of enchant armour {unknown}
 G - a scroll of blinking
 J - 5 scrolls of fear
 N - 2 scrolls of magic mapping {unknown}
 R - a scroll of amnesia {unknown}
 W - a scroll of immolation {unknown}
Potions
 d - a potion of cure mutation {unknown}
 h - a potion of berserk rage
 p - a potion of haste {unknown}
 A - 2 potions of heal wounds
 E - a potion of magic
 F - 9 potions of flight
 K - 6 potions of curing
 L - 2 potions of brilliance
 Y - a potion of cancellation {unknown}
Books
 u - a book of Unlife

   Spells                             Type                      Level
   a - Recall                         Summoning/Translocation      3
   b - Animate Dead                   Necromancy                   4
   c - Control Undead                 Necromancy                   4
   d - Cigotuvi's Embrace             Necromancy                   5
   e - Death Channel                  Necromancy                   6
   f - Simulacrum                     Ice/Necromancy               6
 Q - a book of Cantrips

   Spells                             Type                      Level
   a - Confusing Touch                Hexes                        1
   b - Animate Skeleton               Necromancy                   1
   c - Summon Small Mammal            Summoning                    1
   d - Apportation                    Translocation                1
Miscellaneous
 t - a disc of storms
 y - a fan of gales (inert)
Comestibles
 c - 7 slices of pizza
 g - 9 bread rations
 i - 15 fruits
 k - 9 meat rations


   Skills:
 + Level 9.2 Fighting
 - Level 10.3 Short Blades
 - Level 1.7 Throwing
 + Level 4.7 Dodging
 + Level 8.7 Stealth
 + Level 5.8 Invocations


You had 10 spell levels left.
You didn't know any spells.

Dungeon Overview and Level Annotations

Branches:
Dungeon (11/15)            Temple (0/1) D:7            Lair (0/6) D:11
    Orc (0/2) D:11

Altars:
Elyvilon
Fedhas
Gozag
Makhleb
Nemelex Xobeh
Okawaru
Pakellas
Qazlal
Ru
Sif Muna
Trog
Uskayaw
Xom
Zin
The Shining One

Annotations:
D:6 herpmino's ghost, novice FoFi


Innate Abilities, Weirdness & Mutations

You have razor-sharp teeth.
You heal very quickly.
When hurt, damage is shared between your health and your magic reserves.
Your bite disrupts and absorbs the magic of your enemies.
Potions and wands cannot restore your health.
You are immune to rotting.
You are surrounded by a mild repulsion field. (EV +2)


Message History

The white ugly thing engulfs you! The white ugly thing freezes you!!
A kobold comes into view. It is wielding a short sword.
You completely miss the white ugly thing.
Your bite misses the white ugly thing.
The white ugly thing is moderately wounded.
You hit the white ugly thing. Your bite misses the white ugly thing.
The white ugly thing is moderately wounded.
The white ugly thing engulfs you!
* * * LOW HITPOINT WARNING * * *
The white ugly thing freezes you!!
* * * LOW HITPOINT WARNING * * *
Unknown command.
There is an open door here.
Okay, then.
Unknown command.
There is an open door here.
The white ugly thing engulfs you!
* * * LOW HITPOINT WARNING * * *
The white ugly thing freezes you!!
You die...

#######'###
##'###### #.# ####.#
#.### ##....# #...#
##..#### ###.# #..##
#.# ##'#####
#######'## #......#
........u####......#
.........@..#......#
.........##.'......#
.........####......#
########## #......#
########


You could see a white ugly thing.

Vanquished Creatures
  A hydra (D:8)
  2 hill giants (D:10)
  Pikel (D:4)
  An ugly thing (D:10)
  Maurice (D:8)
  A troll (D:11)
  13 yaks
  3 hungry ghosts
  2 hippogriffs (D:8)
  6 orc warriors
  A slave (D:4)
  2 ice beasts
  A sky beast (D:11)
  A black bear (D:6)
  2 phantoms
  5 ogres
  3 centaurs
  5 big kobolds
  A crocodile (D:10)
  The ghost of Gagarin the Vexing, an amateur KoAM (D:3)
  2 giant frogs
  3 scorpions
  7 wights
  3 killer bees (D:9)
  A howler monkey (D:5)
  2 crimson imps (D:9)
  2 giant frog zombies (D:5)
  A quasit (D:9)
  A centaur zombie (D:5)
  3 hounds
  3 jellies
  4 orc priests
  10 orc wizards
  A giant frog skeleton (D:8)
  2 iguanas
  4 worker ants
  2 sheep (D:8)
  A killer bee zombie (D:9)
  5 hound zombies
  2 worker ant zombies (D:5)
  2 howler monkey skeletons
  13 adders
  4 gnolls (D:7)
  2 shadow imps (D:6)
  2 adder skeletons (D:5)
  4 worms
  4 dart slugs
  7 giant geckos
  51 orcs
  2 ball pythons
  7 bats
  9 giant cockroaches
  5 goblins
  6 hobgoblins
  6 jackals (D:1)
  4 quokkas
  6 giant newts
  A jackal zombie (D:6)
  32 kobolds
  A quokka zombie (D:5)
  11 rats
  A plant (D:9)
292 creatures vanquished.

Vanquished Creatures (others)
  An adder skeleton (D:8)
  A giant gecko (D:8)
2 creatures vanquished.

Grand Total: 294 creatures vanquished

Notes
Turn   | Place    | Note
-------+----------+-------------------------------------------
     0 | D:1      | HAL9000 the Vine Stalker Assassin began the quest for the Orb.
     0 | D:1      | Reached XP level 1. HP: 11/11 MP: 2/2
    20 | D:1      | Reached skill level 2 in Short Blades
    26 | D:1      | Reached XP level 2. HP: 15/15 MP: 3/3
   355 | D:1      | Reached XP level 3. HP: 18/18 MP: 4/4
   782 | D:1      | Reached skill level 3 in Short Blades
  1088 | D:2      | Reached XP level 4. HP: 23/23 MP: 5/5
  1680 | D:2      | You fall through a shaft for 2 floors!
  1701 | D:4      | Reached XP level 5. HP: 22/28 MP: 4/6
  1712 | D:4      | Found a blossoming altar of Fedhas.
  1715 | D:4      | Found an opulent altar of Gozag.
  1823 | D:4      | You fall through a shaft for 2 floors!
  1891 | D:6      | Found a deep blue altar of Sif Muna.
  1910 | D:6      | Noticed herpmino's ghost (novice FoFi)
  1950 | D:6      | Noticed an ice beast
  1963 | D:6      | Killed an ice beast
  1963 | D:6      | Reached skill level 4 in Short Blades
  1963 | D:6      | Gained mutation: You heal very quickly. [Vine Stalker growth]
  1963 | D:6      | Reached XP level 6. HP: 13/33 MP: 3/7
  2195 | D:5      | Entered Level 5 of the Dungeon
  2249 | D:5      | Found a glowing golden altar of the Shining One.
  2260 | D:5      | Reached skill level 5 in Short Blades
  2260 | D:5      | Reached XP level 7. HP: 25/38 MP: 3/8
  2319 | D:5      | Found a stormy altar of Qazlal.
  2687 | D:3      | Noticed Gagarin's ghost (amateur KoAM)
  3197 | D:3      | Reached skill level 6 in Short Blades
  3312 | D:3      | Killed Gagarin's ghost
  3343 | D:3      | Found a sacrificial altar of Ru.
  3533 | D:4      | Noticed Pikel
  3600 | D:4      | Killed Pikel
  3600 | D:4      | Reached skill level 5 in Fighting
  3600 | D:4      | Reached skill level 7 in Short Blades
  3600 | D:4      | Gained mutation: You have razor-sharp teeth. [Vine Stalker growth]
  3600 | D:4      | Reached XP level 8. HP: 37/44 MP: 9/9
  4090 | D:5      | Found a burning altar of Makhleb.
  4192 | D:5      | Reached skill level 8 in Short Blades
  4436 | D:5      | Noticed an angel
  4437 | D:5      | Found a glowing silver altar of Zin.
  4821 | D:5      | Gained mutation: You are surrounded by a mild repulsion field. (EV +2) [potion of beneficial mutation]
  4972 | D:6      | Reached XP level 9. HP: 48/48 MP: 10/10
  5005 | D:6      | Found an iron altar of Okawaru.
  5192 | D:7      | Noticed a moth of wrath
  5194 | D:7      | Found a bloodstained altar of Trog.
  5392 | D:7      | Found a sparkling altar of Nemelex Xobeh.
  5515 | D:7      | Got a smoking leather armour
  5526 | D:7      | Identified the +3 leather armour "Tiudek" {*Corrode Dex+4 Stlth+} (You found it on level 7 of the Dungeon)
  5598 | D:7      | Reached skill level 9 in Short Blades
  5636 | D:7      | Found a hide-covered altar of Uskayaw.
  5664 | D:7      | Became a worshipper of Uskayaw the Reveler
  5723 | D:7      | Found an oddly glowing altar of Pakellas.
  5753 | D:7      | Found a white marble altar of Elyvilon.
  5753 | D:7      | Found a shimmering altar of Xom.
  5757 | D:7      | Reached * piety under Uskayaw
  5760 | D:7      | Reached ** piety under Uskayaw
  5788 | D:7      | Found a staircase to the Ecumenical Temple.
  6091 | D:8      | Found a burning altar of Makhleb.
  6132 | D:8      | Reached *** piety under Uskayaw
  6135 | D:8      | Reached **** piety under Uskayaw
  6138 | D:8      | Reached ***** piety under Uskayaw
  6182 | D:8      | Noticed Maurice
  6207 | D:8      | Reached skill level 10 in Short Blades
  6226 | D:8      | Killed Maurice
  6226 | D:8      | Reached XP level 10. HP: 55/55 MP: 11/11
  6293 | D:8      | Reached skill level 1 in Dodging
  6384 | D:8      | Reached skill level 1 in Invocations
  6387 | D:8      | Reached skill level 5 in Stealth
  6870 | D:8      | Noticed a three-headed hydra
  6873 | D:8      | Killed a three-headed hydra
  6946 | D:9      | Got a crude broad axe
  6947 | D:9      | Identified the cursed +1 broad axe of Beyond {speed, Str+4} (You found it on level 9 of the Dungeon)
  7327 | D:9      | Reached XP level 11. HP: 46/60 MP: 15/15
  7610 | D:9      | Reached skill level 5 in Invocations
  8021 | D:10     | Entered Level 10 of the Dungeon
  8189 | D:10     | Noticed a hill giant
  8193 | D:10     | Noticed a hill giant
  8208 | D:10     | Killed a hill giant
  8215 | D:10     | Killed a hill giant
  8958 | D:11     | Found a staircase to the Orcish Mines.
  8997 | D:11     | Noticed a white ugly thing
  9079 | D:10     | Killed a white ugly thing
  9160 | D:11     | Found a staircase to the Lair.
  9222 | D:11     | Noticed a white ugly thing
  9228 | D:11     | HP: 2/62 [white ugly thing (16)]
  9237 | D:11     | HP: 1/62 [white ugly thing (6)]
  9237 | D:11     | Demolished by a white ugly thing

Vault maps used:
D:1:      lightli_arrival_flooded_house
D:2:      first_bread
D:3:      nicolae_ru_path_of_blood
D:4:      nicolae_overflow_hidden_temple, kennysheep_generic_room_10, uniq_pikel
D:5:      lemuel_crystal_altar, zin_angel, basic_altar, serial_undead,
          serial_undead_d, serial_undead_c, serial_undead_b, serial_undead_b,
          serial_undead_f, serial_undead_f, nicolae_tso_carved_into_rock
D:6:      led_sif_pool, nicolae_overflow_crystal_walls
D:7:      kennysheep_little_box, tgw_trog, lemuel_doored_altar,
          old_standard_altar, gammafunk_temple_overflow_pools,
          serial_bayou_pond_e
D:8:      kennysheep_mini, hangedman_ranch, lemuel_old_faithful, uniq_maurice
D:9:      kennysheep_kobold_camp, kennysheep_generic_room_11
D:11:     lair_0_dummy, hiddenorc1_lemuel

Skill      XL: |  1  2  3  4  5  6  7  8  9 10 11 |
---------------+----------------------------------+-----
Fighting       | 2 3 4 5 6 7 8 9 |  9.2
Short Blades   | 2 3 4 5 7 8 10 | 10.3
Dodging        | 3 4 |  4.7
Invocations    | 4 5 |  5.8
Stealth        | 7 8 |  8.7
Throwing       | |  1.7

Action                   |  1- 3 |  4- 6 |  7- 9 | 10-12 || total
-------------------------+-------+-------+-------+-------++-------
Melee: Dagger            |   107 |   113 |   285 |   358 ||   863
       Bite              |    26 |    36 |   107 |   151 ||   320
 Fire: Blowgun           |     4 |     7 |     4 |       ||    15
Throw: Javelin           |       |       |     6 |     1 ||     7
Evoke: Wand              |       |     1 |     8 |     2 ||    11
       Fan of gales      |       |       |       |     1 ||     1
  Use: Scroll            |       |       |    15 |     7 ||    22
       Potion            |       |       |     1 |     1 ||     2
 Stab: Sleeping          |     9 |     6 |    10 |    17 ||    42
       Paralysed         |       |       |     2 |    17 ||    19
       Distracted        |       |       |       |     1 ||     1
       Confused          |       |       |       |     3 ||     3
  Eat: Chunk             |     1 |     3 |    13 |     9 ||    26
       Fruit             |       |       |     2 |       ||     2
       Royal jelly       |       |       |       |     1 ||     1
       Beef jerky        |       |       |       |     1 ||     1
Armor: Robe              |    48 |    30 |    50 |       ||   128
       Leather armour    |       |       |    21 |    71 ||    92
Dodge: Dodged            |    77 |    48 |   117 |   182 ||   424
